 Dungeon Crawl Stone Soup version 0.29-a0-113-g078de9bc30 (webtiles) character file.

Game seed: 10712019561858307966

3824 KennySheep the Carver (level 10, -7/73 HPs)
             Began as a Djinni Berserker on Feb 19, 2022.
             Was an Elder of Trog.
             Mangled by a wight (8 damage)
             ... on level 9 of the Dungeon.
             The game lasted 00:23:02 (10010 turns).

KennySheep the Carver (Djinni Berserker)           Turns: 10010, Time: 00:23:02

Health: -7/73      AC: 11    Str: 26    XL:     10   Next: 40%
Gold:   464        EV: 15    Int:  9    God:    Trog [****..] SH:  0 Dex: 16

rFire   + + .      SeeInvis .   a - +0 falchion
rCold   x . .      Faith    .   (no shield)
rNeg    . . .      Spirit   .   s - +5 leather armour of Woumas {Int+3}
rPois   ∞          Reflect  .   (no helmet)
rElec   +          Harm     .   m - scarf {repulsion}
rCorr   .          Rampage  .   d - +1 pair of gloves
Will    ++...                   (boots unavailable)
Stlth   +.........              (no amulet)
HPRegen 0.22/turn               i - +6 ring of strength
MPRegen 0.00/turn               g - ring "Qoatumut" {rElec Will+ Int-3 Dex+3}

@: about to teleport, on berserk cooldown, flying, slowed, repel missiles, very
slow
A: sickness immunity, fire resistance 2, cold vulnerability 1, float, innate
caster, HP casting, extra vitality 1
a: Renounce Religion, Berserk, Trog's Hand, Brothers in Arms


You were on level 9 of the Dungeon.
You worshipped Trog.
Trog was greatly pleased with you.
You visited 1 branch of the dungeon, and saw 9 of its levels.
You also visited: Sewer.

You collected 667 gold pieces.
You spent 203 gold pieces at shops.

Inventory:

Hand Weapons
 a - a +0 falchion (weapon)
 c - a +0 dagger
Missiles
 h - 2 throwing nets (quivered)
Armour
 d - a +1 pair of gloves (worn)
 m - a scarf of repulsion (worn)
 s - the +5 leather armour of Woumas (worn) {Int+3}
   (You bought it in a shop on level 5 of the Dungeon)

   Int:       It affects your intelligence (+3).
Jewellery
 g - the ring "Qoatumut" (right hand) {rElec Will+ Int-3 Dex+3}
   (You acquired it on level 3 of the Dungeon)

   [ring of willpower]

   Int:       It affects your intelligence (-3).
   Dex:       It affects your dexterity (+3).
   rElec:     It insulates you from electricity.
   Will:      It increases your willpower.
 i - a +6 ring of strength (left hand)
Wands
 v - a wand of flame (27)
 w - a wand of acid (10)
 y - a wand of paralysis (5)
 D - a wand of mindburst (36)
Scrolls
 f - 7 scrolls of identify
 n - 2 scrolls of teleportation
 o - 2 scrolls of enchant armour
 p - 2 scrolls of magic mapping
 q - 2 scrolls of fog
 r - 2 scrolls of summoning
 z - a scroll of silence {unknown}
 A - 2 scrolls of amnesia
 C - a scroll of fear {unknown}
 E - a scroll of noise
Potions
 b - a potion of might
 e - 2 potions of berserk rage
 j - a potion of curing {unknown}
 k - a potion of brilliance
 l - a potion of cancellation {unknown}
 u - a potion of ambrosia {unknown}
 x - a potion of flight {unknown}
 B - a potion of mutation {unknown}
 F - a potion of heal wounds
 G - a potion of haste {unknown}


   Skills:
 + Level 6.9 Fighting
 * Level 8.5 Long Blades
 + Level 6.4 Armour
 + Level 7.1 Dodging
 + Level 3.5 Evocations


You couldn't memorise any spells.
You knew the following spells:

 Your Spells              Type           Power      Damage    Failure   Level
a - Summon Small Mammal   Summ           0%         N/A       41%         1
b - Passwall              Tmut/Erth      0%         N/A       56%         2
c - Vampiric Draining     Necr           0%         2d6       80%         3
d - Conjure Flame         Conj/Fire      0%         6-21      80%         3
Your spell library was empty.

Dungeon Overview and Level Annotations

Branches:
Dungeon (9/15)             Temple (0/1) D:5           Sewer (visited)
   Lair: D:8-11         Orc: D:9-12

Altars:
Ashenzari
Cheibriados
Fedhas
Gozag
Hepliaklqana
Kikubaaqudgha
Makhleb
Nemelex Xobeh
Qazlal
Ru
Sif Muna
Uskayaw
Wu Jian
The Shining One

Shops:
D:1 *   D:5 [


Innate Abilities, Weirdness & Mutations

You are immune to sickness and miasma.
You are immune to poison.
Your flesh is very heat resistant. (rF++)
You are vulnerable to cold. (rC-)
You float through the air rather than walking.
You learn spells naturally, not from books.
Your magical power is your life essence.
You have superior vitality. (+4 MHP)


Message History

The wight freezes you.
You slash the orc warrior!
The orc warrior is almost dead.
The orc warrior hits you with a +0 dire flail!
* * * LOW HITPOINT WARNING * * *
You barely miss the orc warrior.
The orc warrior is almost dead.
The wight barely misses you. The wight completely misses you.
The orc warrior barely misses you.
You hit the orc warrior.
You kill the orc warrior!
Trog accepts your kill.
The wight hits you from afar with a +4 trident of freezing.
* * * LOW HITPOINT WARNING * * *
The wight freezes you.
* * * LOW HITPOINT WARNING * * *
You hit the wight.
The wight is moderately damaged.
The wight misses you.
You slash the wight!
The wight is almost destroyed.
The wight misses you. The wight closely misses you.
The wight hits you from afar with a +3 trident of freezing.
* * * LOW HITPOINT WARNING * * *
The wight freezes you.
* * * LOW HITPOINT WARNING * * *
You slash the wight!
You destroy the wight!
Trog accepts your kill.
You are no longer berserk.
You are exhausted.
You feel yourself slow down.
As you read the scroll of teleportation, it crumbles to dust.
You feel strangely unstable. The wight misses you.
The wight hits you from afar with a +3 trident of freezing!
* * * LOW HITPOINT WARNING * * *
The wight freezes you.
* * * LOW HITPOINT WARNING * * *
The wight hits you from afar with a +4 trident of freezing!
You die...

....#............#........#......
....#............#........#......
....#............#........#......
....#............#.......########
....###'#####...####+#####
####........#...##......
#........+...#z......
#........#...#zz.....
#........#...@#
#........#.....z.....
#........#...##.#....
#........##### ... ## ###


You could see 4 wights.

Vanquished Creatures
  An ugly thing (D:9)
  Prince Ribbit (D:8)
  A shadow (D:9)
  A wyvern (D:8)
  A steam dragon (D:8)
  4 vampire mosquitoes (D:6)
  3 water moccasins
  2 orc warriors
  A sky beast (D:7)
  A kobold brigand (D:9)
  A gnoll sergeant (D:8)
  A scorpion (D:7)
  3 killer bees (D:8)
  11 wights
  A centaur zombie (D:7)
  4 orc priests
  2 bullfrog zombies
  A gnoll shaman (D:3)
  2 centaur skeletons
  3 hounds
  2 bullfrog skeletons
  2 iguanas (D:5)
  4 orc wizards
  2 killer bee zombies
  A hound skeleton (D:4)
  2 howler monkey zombies
  10 gnolls
  5 adders
  3 white imps
  An ufetubus (D:4)
  5 worms
  4 dart slugs
  29 orcs
  12 endoplasms
  5 giant cockroaches
  12 goblins
  5 hobgoblins
  4 jackals (D:3)
  11 kobolds
  3 quokkas
  8 ball pythons
  11 bats
  3 frilled lizards
  5 rats
194 creatures vanquished.

Vanquished Creatures (others)
  8 plants (D:7)
8 creatures vanquished.

Grand Total: 202 creatures vanquished

Notes
Turn   | Place    | Note
-------+----------+-------------------------------------------
     0 | D:1      | KennySheep the Djinni Berserker began the quest for the
                  | Orb.
     0 | D:1      | Reached XP level 1. HP: 20/20 MP: 0/0
    70 | D:1      | HP: 1/20 [hobgoblin (2)]
    74 | D:1      | Reached XP level 2. HP: 2/25 MP: 0/0
   407 | D:1      | Reached skill level 3 in Long Blades
   523 | D:1      | Reached XP level 3. HP: 24/30 MP: 0/0
   523 | D:1      | Learned a level 1 spell: Summon Small Mammal
   655 | D:1      | Found Ranyiw's Assorted Antiques.
   789 | D:1      | Found a faded altar of an unknown god.
  1177 | D:2      | Reached ** piety under Trog
  1221 | D:2      | Reached XP level 4. HP: 30/35 MP: 0/0
  2148 | D:3      | Identified a scroll of acquirement
  2149 | D:3      | Acquired the ring "Qoatumut" {rElec Will+ Int-3 Dex+3}
  2411 | D:3      | Found an ornate altar of the Wu Jian Council.
  2491 | D:3      | Reached XP level 5. HP: 37/40 MP: 0/0
  2491 | D:3      | Learned a level 2 spell: Passwall
  2495 | D:3      | Found a glowing drain.
  2502 | Sewer    | Entered a sewer
  2861 | Sewer    | Noticed a water moccasin
  2894 | Sewer    | Killed a water moccasin
  2895 | Sewer    | Reached skill level 4 in Long Blades
  2895 | Sewer    | Reached XP level 6. HP: 28/47 MP: 0/0
  3313 | D:3      | Found a snail-covered altar of Cheibriados.
  3425 | D:3      | Found a hazy altar of Hepliaklqana.
  3893 | D:4      | Reached *** piety under Trog
  3934 | D:4      | Reached XP level 7. HP: 52/52 MP: 0/0
  3934 | D:4      | Learned a level 3 spell: Vampiric Draining
  4103 | D:4      | Found a sparkling altar of Nemelex Xobeh.
  4586 | D:5      | Entered Level 5 of the Dungeon
  4589 | D:5      | Found Ubry's Antique Armour Emporium.
  4598 | D:5      | Bought a steaming leather armour for 203 gold pieces
  4598 | D:5      | Identified the +5 leather armour of Woumas {Int+3} (You
                  | bought it in a shop on level 5 of the Dungeon)
  4739 | D:5      | Reached skill level 5 in Long Blades
  5565 | D:5      | Found a staircase to the Ecumenical Temple.
  5755 | D:6      | Reached XP level 8. HP: 28/58 MP: 0/0
  5978 | D:6      | Found a broken altar of Ashenzari.
  6041 | D:6      | Found a hide-covered altar of Uskayaw.
  6233 | D:6      | Reached skill level 5 in Fighting
  6241 | D:6      | Reached skill level 6 in Long Blades
  6241 | D:6      | Reached skill level 5 in Dodging
  6988 | D:7      | Reached XP level 9. HP: 61/65 MP: 0/0
  6988 | D:7      | Learned a level 3 spell: Conjure Flame
  7027 | D:7      | Reached skill level 5 in Armour
  7291 | D:7      | Found a sacrificial altar of Ru.
  7440 | D:7      | Found a blossoming altar of Fedhas.
  7675 | D:7      | Reached skill level 7 in Long Blades
  8391 | D:8      | Reached skill level 1 in Evocations
  8405 | D:8      | Reached **** piety under Trog
  8751 | D:8      | You are sucked into a shaft and drop 1 floor!
  9109 | D:8      | Noticed Prince Ribbit
  9124 | D:8      | Killed Prince Ribbit
  9437 | D:9      | Reached XP level 10. HP: 73/73 MP: 0/0
  9444 | D:9      | Reached skill level 8 in Long Blades
  9710 | D:9      | Found an opulent altar of Gozag.
  9710 | D:9      | Found a glowing golden altar of the Shining One.
  9711 | D:9      | Found a stormy altar of Qazlal.
  9987 | D:9      | Found a burning altar of Makhleb.
  9988 | D:9      | Noticed a red ugly thing
  9996 | D:9      | Killed a red ugly thing
 10010 | D:9      | HP: 1/73 [wight (4)]
 10010 | D:9      | Mangled by a wight

Illustrated notes

Levels and vault maps discovered:
D:1:      minmay_arrival_diagonal_passages, layout_loops_ring,
          hellmonk_ecumenical_altar_heavens_door, serial_shops,
          nicolae_shop_advertising_works [nicolae_subvault_shop_adworks]
D:2:      layout_loops_ring
D:3:      layout_rooms, mainiacjoe_overflow_alcove_4, chei_slow_surprise,
          mainiacjoe_overflow_small_starburst,
          mainiacjoe_overflow_surrounded_room, cheibrodos_sewer_entry_sluice,
          serial_park_tiny_1, grunt_ministairs_3
D:4:      layout_cave_pools, nemelex_diamond_rough_becter, minmay_cupped
D:5:      layout_loops_ring, nicolae_overflow_crystal_walls,
          minmay_temple_entry_grid, serial_shops, shop
D:6:      layout_cave_pools, nicolae_uskayaw_murder_on_the_dancefloor,
          ashenzari_altar_1, chequers_big_river, uniq_crazy_yiuf_cottage
D:7:      layout_basic, fedhas_ov_isle_minmay, nicolae_ru_the_path_less_chosen,
          st_stairs_12
D:8:      layout_cave_pools, uniq_prince_ribbit1
D:9:      layout_gridville, lemuel_crystal_altar, gammafunk_temple_overflow_claw

Skill      XL: |  1  2  3  4  5  6  7  8  9 10 |
---------------+-------------------------------+-----
Long Blades    | 3 4 5 6 7 8 |  8.5
Dodging        | 3 4 5 6 7 |  7.1
Armour         | 3 4 5 6 |  6.4
Fighting       | 4 5 6 |  6.9
Evocations     | 2 3 |  3.5

Action                   |  1- 3 |  4- 6 |  7- 9 | 10-12 || total
-------------------------+-------+-------+-------+-------++-------
Melee: Falchion          |    96 |   195 |   375 |    76 ||   742
       Punch             |       |     3 |     4 |     1 ||     8
Throw: Throwing net      |       |       |     2 |       ||     2
Invok: Berserk           |       |     5 |     9 |     2 ||    16
Evoke: Wand              |       |       |     4 |       ||     4
  Use: Scroll            |       |     4 |     6 |     1 ||    11
       Potion            |       |     4 |     1 |       ||     5
 Stab: Sleeping          |     1 |       |     2 |       ||     3
       Paralysed         |       |       |     3 |       ||     3
Armor: Animal skin       |    13 |       |       |       ||    13
       Chain mail        |    26 |    95 |    17 |       ||   138
       Skin              |       |    22 |       |       ||    22
       Leather armour    |       |       |   132 |    19 ||   151
Dodge: Dodged            |    61 |    95 |   292 |    59 ||   507
       Repelled          |       |     1 |     1 |     1 ||     3

Table legend: (Time is in decaauts)
 A = Elapsed time spent in this place.
 B = Non-inter-level travel time spent in this place.
 C = Inter-level travel time spent in this place.
 D = Time resting spent in this place.
 E = Time spent auto-exploring this place.
 F = Levels seen in this place.
 G = Mean time per level.
                   A        B        C        D        E       F      G
               +--------+--------+--------+--------+--------+-----+--------+
         Total |  10126 |   9893 |    233 |   3135 |   5104 |  10 | 1012.6 |
       Dungeon |   9552 |   9319 |    233 |   2695 |   5052 |   9 | 1061.3 |
         Sewer |    574 |    574 |      0 |    440 |     52 |   1 |  574.0 |
               +--------+--------+--------+--------+--------+-----+--------+

Top non-repeatable levels by time:
     D:7: 1692 daAuts
     D:3: 1201 daAuts
     D:1: 1178 daAuts
     D:5: 1090 daAuts
     D:6: 1047 daAuts
     D:8: 1031 daAuts
     D:2: 1001 daAuts
     D:4: 699 daAuts
     D:9: 609 daAuts
   Sewer: 574 daAuts
